 Dungeon Crawl Stone Soup version 0.27.0-66-gdc8fb28755 (webtiles) character file.

Game seed: 1838877349240849277

66 Thatpatchoflichen the Grave Robber (level 4, -3/37 HPs)
             Began as a Ghoul Necromancer on Aug 19, 2021.
             Was a Believer of Fedhas.
             Slain by an acid dragon (6 damage)
             ... on level 5 of the Dungeon.
             The game lasted 00:04:49 (2865 turns).

Thatpatchoflichen the Grave Robber (GhNe)           Turns: 2865, Time: 00:04:49

Health: -3/37      AC:  9    Str: 11    XL:     4   Next: 15%
Magic:  6/6        EV: 12    Int: 11    God:    Fedhas [**....]
Gold:   51         SH:  0    Dex:  9    Spells: 5/7 levels left

rFire    . . .     SeeInvis .   e - +2 mace (protect)
rCold    + . .     Faith    .   (no shield)
rNeg     + + +     Spirit   .   a - +0 robe
rPois    ∞         Reflect  .   (no helmet)
rElec    .         Harm     .   (no cloak)
rCorr    .         Rampage  .   (no gloves)
Will     .....                  (no boots)
Stlth    ++........             (no amulet)
HPRegen  0.00/turn              (no ring)
MPRegen  0.10/turn              (no ring)

@: under a protective aura, inhibited regen
A: claws 1, cold resistance 1, negative energy resistance 3, inhibited
regeneration, torment resistance 2
a: Renounce Religion, Wall of Briars


You were on level 5 of the Dungeon.
You worshipped Fedhas.
Fedhas was pleased with you.
You visited 1 branch of the dungeon, and saw 5 of its levels.

You collected 51 gold pieces.

Inventory:

Hand Weapons
 d - a +0 dagger
 e - a +2 mace of protection (weapon)
Missiles
 h - 3 sling bullets
 j - 22 arrows
Armour
 a - a +0 robe (worn)
Scrolls
 f - 2 scrolls of identify {unknown}
 i - 2 scrolls of blinking {unknown}
 k - a scroll of noise {unknown}
Potions
 b - a potion of heal wounds {unknown}
 c - a potion of might {unknown}
 g - a potion of lignification {unknown}


   Skills:
 + Level 2.4 Fighting
 - Level 2.0 Dodging
 - Level 2.1 Stealth
 - Level 2.0 Spellcasting
 + Level 4.7 Necromancy


You had 5 spell levels left.
You knew the following spells:

 Your Spells              Type           Power      Damage    Failure   Level
a - Pain                  Necr           44%        1d6       4%          1
b - Animate Skeleton      Necr           22%        N/A       4%          1

Your spell library contained the following spells:

 Spells                   Type           Power      Damage    Failure   Level
 Vampiric Draining        Necr           5%         2d6       13%         3
 Animate Dead             Necr           5%         N/A       38%         4
 Agony                    Necr           11%        N/A       75%         5


Dungeon Overview and Level Annotations

Branches:
Dungeon (5/15)
 Temple: D:4-7

Altars:
Fedhas

Annotations:
D:3 Sigmund


Innate Abilities, Weirdness & Mutations

You thrive by killing the living.
You are immune to poison.
You have sharp fingernails.
Your flesh is cold resistant. (rC+)
You are immune to negative energy. (rN+++)
You do not regenerate when monsters are visible.
You are immune to unholy pain and torment.


Message History

You now have 51 gold pieces (gained 11).
Found 2 potions of curing.
Found a shiny chain mail.
An ogre comes into view. It is wielding a +0 giant club.
The ogre shouts!
The ogre closely misses you.
An acid dragon comes into view.
The acid dragon roars!
You hear a shout!
You hear an angry hiss.
The ogre barely misses you.
A bullfrog zombie comes into view.
A water moccasin skeleton comes into view.
Found 30 stones.
An adder comes into view.
An ogre comes into view. It is wielding a +0 giant club.
A centaur comes into view.
The adder hisses angrily.
The centaur shouts!
You hear a shout! x2
The acid dragon bites you!
The acid dragon claws you but does no damage.
Found 12 gold pieces.
An ogre and a skeleton come into view.
The centaur wields a +0 shortbow.
The centaur shoots an arrow.
The arrow hits you!
* * * LOW HITPOINT WARNING * * *
The bullfrog zombie hits you.
* * * LOW HITPOINT WARNING * * *
A sky beast comes into view.
An orc warrior comes into view. It is wielding a +0 war axe.
The ogre moves out of view.
The ogre shouts!
You hit the water moccasin skeleton.
Your weapon exudes an aura of protection.
The water moccasin skeleton is lightly damaged.
The water moccasin skeleton bites you but does no damage.
The ogre closely misses you.
The water moccasin skeleton closely misses you.
You hit the water moccasin skeleton.
The water moccasin skeleton is moderately damaged.
The adder completely misses you. The acid dragon bites you.
You die...
Fedhas appreciates your contribution to the ecosystem.

...... .... .
...#. #..... #.
.#.O #......
(.. $..#......
#... .Y.#...# .
.#...#Z..#..#..
.....OcSZ......
.....##@Z..# ..
......#OD..#...
.....#....#..#.
..........#...#
.#(.#.........#
## ##........#
#........# ###
##...##....
#[.##..### #...


You could see an acid dragon, a sky beast, 3 ogres, a centaur, an adder, a
bullfrog zombie, a water moccasin skeleton and a bullfrog skeleton.

Vanquished Creatures
  An adder (D:2)
  4 worms (D:2)
  2 dart slugs
  3 endoplasms
  A giant cockroach (D:1)
  3 goblins
  4 hobgoblins
  A kobold (D:2)
  2 quokkas
  4 ball pythons
  6 bats
  3 frilled lizards (D:2)
  9 rats
43 creatures vanquished.

Vanquished Creatures (others)
  2 fungi (D:1)
  2 plants (D:1)
4 creatures vanquished.

Grand Total: 47 creatures vanquished

Notes
Turn   | Place    | Note
-------+----------+-------------------------------------------
     0 | D:1      | Thatpatchoflichen the Ghoul Necromancer began the quest for
                  | the Orb.
     0 | D:1      | Reached XP level 1. HP: 14/14 MP: 2/2
   626 | D:1      | Found a faded altar of an unknown god.
   632 | D:1      | Reached XP level 2. HP: 10/22 MP: 4/4
   649 | D:1      | Reached skill level 1 in Fighting
   854 | D:1      | Learned a level 1 spell: Animate Skeleton
  1239 | D:1      | Became a worshipper of Fedhas Madash
  1239 | D:1      | Reached * piety under Fedhas
  1465 | D:2      | Reached XP level 3. HP: 27/28 MP: 5/5
  2122 | D:2      | Reached ** piety under Fedhas
  2260 | D:2      | Reached XP level 4. HP: 31/37 MP: 6/6
  2753 | D:3      | Noticed Sigmund
  2829 | D:5      | Entered Level 5 of the Dungeon
  2849 | D:5      | Noticed an ogre
  2857 | D:5      | Noticed an acid dragon
  2861 | D:5      | Noticed an ogre
  2862 | D:5      | Noticed a centaur
  2863 | D:5      | Noticed an ogre
  2863 | D:5      | Noticed a sky beast
  2863 | D:5      | Noticed an orc warrior
  2865 | D:5      | Slain by an acid dragon

Illustrated notes

Levels and vault maps discovered:
D:1:      pf_arrival_petrified_forest, layout_loops_cross,
          shapermc_ecumenical_altar_gd, minmay_misc_feat_roman
D:2:      layout_basic, minmay_box_of_dots
D:3:      layout_rooms, uniq_robin, uniq_sigmund, uniq_natasha
D:4:      layout_basic, lightli_temple_of_fire, minmay_close_crescents
D:5:      cheibrodos_fzero, layout_cave_pools, gammafunk_temple_overflow_wave,
          st_stairs_6

Skill      XL: |  1  2  3 |
---------------+----------+-----
Spellcasting   | 2 |  2.0
Dodging        | 2 |  2.0
Fighting       | 1 2 |  2.4
Stealth        | |  2.1
Necromancy     | |  4.7

Action                   |  1- 3 |  4- 6 || total
-------------------------+-------+-------++-------
Melee: Unarmed           |    22 |       ||    22
       Mace              |   122 |    16 ||   138
 Cast: Pain              |     7 |       ||     7
 Stab: Sleeping          |     3 |     1 ||     4
Armor: Robe              |    56 |     6 ||    62
Dodge: Dodged            |   145 |    12 ||   157
